AoeStats
← ska_18

Black Forest

506174103Analyzed
3v3 RM · 19d ago on Sep 12, 2026· 74m 11s· 6 players
Game mode
Random Map
Map size
Normal (6 player)
Population
200
Speed
Normal
Resources
Standard
Victory
Conquest
Starting age
Dark Age
Ending age
Imperial Age
RankedLock teamsTeams togetherTeam positionsShared explorationLock speedFull tech treeHidden civsTurbo modeCheats
Victory
Defeat
🇻🇳 Burgundians · Vietnam
948
+16
🇩🇪 Malay · Germany
936
+16
🇦🇷 Turks · Argentina
928
+17
🇦🇹 Saracens · Austria
976
-18
🇮🇹 Khmer · Italy
934
-16
🇺🇸 Cumans · United States
917
-15
Daniel
12:06 Feudal Age
14:05 Loom
14:09 Horse Collar
17:09 Castle Age
17:12 Cavalier
18:27 Scale Barding Armor
24:38 Forging
29:25 Wheelbarrow
29:56 Gold Mining
32:45 Hand Cart
33:39 Gold Shaft Mining
32:52 Double-Bit Axe
33:09 Heavy Plow
33:14 Stone Mining
37:41 Imperial Age
36:00 Chain Barding Armor
36:16 Iron Casting
36:59 Husbandry
36:54 Fletching
37:22 Bow Saw
37:49 Paladin
39:31 Blast Furnace
39:08 Plate Barding Armor
39:36 Conscription
40:02 Bodkin Arrow
40:08 Padded Archer Armor
40:33 Elite Skirmisher
44:50 Bracer
45:05 Leather Archer Armor
48:02 Ballistics
48:43 Chemistry
49:27 Crop Rotation
55:00 Leather Archer Armor
60:14 Chemistry
61:07 Squires
60:52 Arson
christian.seebach
0:35 Loom
14:15 Feudal Age
13:53 Double-Bit Axe
22:33 Castle Age
20:29 Horse Collar
20:54 Stone Mining
21:02 Gold Mining
20:52 Man-at-Arms
23:25 Wheelbarrow
24:39 Bow Saw
25:53 Stone Shaft Mining
26:13 Gold Shaft Mining
25:40 Long Swordsman
26:59 Elite Skirmisher
28:26 Forging
30:04 Hand Cart
32:22 Iron Casting
33:22 Pikeman
36:36 Imperial Age
34:35 Squires
35:08 Fletching
36:26 Conscription
37:44 Forced Levy
37:40 Two-Handed Swordsman
38:38 Heavy Plow
39:59 Blast Furnace
40:28 Crop Rotation
40:20 Halberdier
42:21 Bodkin Arrow
44:06 Padded Archer Armor
44:15 Capped Ram
45:36 Leather Archer Armor
57:42 Ring Archer Armor
57:13 Bracer
63:51 Arson
jhonzx_11
13:30 Feudal Age
17:32 Castle Age
16:51 Double-Bit Axe
16:49 Horse Collar
18:26 Wheelbarrow
19:53 Bow Saw
23:52 Hand Cart
26:09 Heavy Plow
26:41 Gold Mining
30:52 Imperial Age
30:42 Gold Shaft Mining
36:26 Ballistics
36:17 Fortified Wall
37:33 Conscription
40:04 Forging
40:00 Scale Barding Armor
41:15 Two-Man Saw
40:21 Heavy Camel Rider
40:28 Cavalier
41:08 Husbandry
48:14 Bloodlines
RarinWheel65511
4:05 Loom
11:38 Feudal Age
12:09 Horse Collar
12:16 Double-Bit Axe
19:16 Wheelbarrow
22:38 Castle Age
24:15 Hand Cart
27:50 Scale Barding Armor
27:56 Forging
29:13 Stone Mining
29:13 Gold Mining
30:19 Scale Mail Armor
31:05 Pikeman
39:15 Imperial Age
39:23 Bloodlines
39:40 Elite Steppe Lancer
42:03 Conscription
43:56 Town Watch
Conquistatoooore
0:27 Loom
12:31 Feudal Age
18:39 Castle Age
21:00 Fervor
26:37 Wheelbarrow
31:58 Imperial Age
31:55 Double-Bit Axe
32:29 Hand Cart
34:21 Bow Saw
34:04 Gold Mining
34:05 Stone Mining
36:29 Scale Mail Armor
37:40 Chemistry
37:02 Ballistics
36:57 Masonry
38:06 Gold Shaft Mining
38:08 Stone Shaft Mining
37:20 Horse Collar
38:21 Heavy Scorpion
43:34 Chain Mail Armor
ska_18
1:04 Loom
13:35 Feudal Age
19:11 Castle Age
17:11 Double-Bit Axe
17:40 Horse Collar
21:52 Wheelbarrow
21:32 Town Watch
24:23 Gold Mining
24:24 Stone Mining
27:48 Forging
27:44 Scale Barding Armor
27:56 Hand Cart
30:07 Iron Casting
30:30 Chain Barding Armor
31:05 Bow Saw
32:16 Gold Shaft Mining
31:48 Heavy Plow
32:05 Caravan
32:49 Fletching
37:19 Imperial Age
35:19 Bodkin Arrow
35:40 Treadmill Crane
35:55 Murder Holes
37:02 Bloodlines
36:53 Husbandry
38:02 Guard Tower
39:13 Chemistry
38:11 Murder Holes
38:27 Masonry
38:31 Bimaristan
38:42 Conscription
39:43 Blast Furnace
39:11 Fortified Wall
40:14 Plate Barding Armor
39:50 Elite Mameluke
41:30 Light Cavalry
42:49 Coinage
44:06 Hoardings
44:01 Hussar
44:49 Siege Engineers
44:46 Bracer
46:28 Town Patrol
47:30 Two-Man Saw
Connection lost

Rejoining the realm…

Still unreachable

The connection could not be restored.

Session expired

The server has moved on; the page needs a fresh start.